 Dungeon Crawl Stone Soup version 0.21.1-1-g345015fe64 (webtiles) character file.

1435 Naridas the Slasher (level 8, -6/57 HPs)
             Began as an Octopode Fighter on July 16, 2018.
             Was an Initiate of Dithmenos.
             Mangled by an ice beast (13 damage)
             ... on level 6 of the Dungeon.
             The game lasted 00:22:42 (7585 turns).

Naridas the Slasher (Octopode Fighter)              Turns: 7585, Time: 00:22:44

Health: -6/57      AC:  1    Str: 15    XL:     8   Next: 73%
Magic:  8/8        EV: 14    Int: 10    God:    Dithmenos [......]
Gold:   278        SH:  9    Dex: 14    Spells: 7/7 levels left

rFire    . . .     SeeInvis .   a - +0 long sword
rCold    . . .     Gourm    .   b - +0 shield
rNeg     . . .     Faith    .   (helmet restricted)
rPois    .         Spirit   .   (no amulet)
rElec    .         Reflect  .   e - ring of resist corrosion
rCorr    +         Harm     .   (no ring)
MR       .....                  (no ring)
Stlth    ++........             (no ring)
HPRegen  0.19/turn              (no ring)
MPRegen  0.11/turn              (no ring)
                                (no ring)
                                (no ring)

@: no status effects
A: almost no armour, stealthy swim, amphibious, 8 rings, constrict 8, camouflage
1, gelatinous body 1
a: Renounce Religion


You were on level 6 of the Dungeon.
You worshipped Dithmenos.
Dithmenos was noncommittal.
You were not hungry.

You visited 2 branches of the dungeon, and saw 7 of its levels.

You collected 278 gold pieces.

Inventory:

Hand Weapons
 a - a +0 long sword (weapon)
Missiles
 s - 12 poisoned needles
Armour
 b - a +0 shield (worn)
Jewellery
 e - a ring of resist corrosion (left tentacle)
Wands
 t - a wand of polymorph (8)
Scrolls
 h - 2 scrolls of amnesia {unknown}
 m - 3 scrolls of remove curse
 n - a scroll of fog {unknown}
 o - a scroll of noise {unknown}
 q - 4 scrolls of magic mapping
 r - 2 scrolls of teleportation {unknown}
 v - a scroll of random uselessness {unknown}
 x - a scroll of immolation {unknown}
Potions
 c - 2 potions of might
 f - a potion of heal wounds {unknown}
 g - a potion of berserk rage
 i - 3 potions of haste {unknown}
 j - 2 potions of cancellation
 k - 2 potions of ambrosia {unknown}
 l - 2 potions of flight {unknown}
 p - a potion of brilliance {unknown}
 w - 2 potions of mutation {unknown}
 z - a potion of lignification {unknown}
 A - 2 potions of curing {unknown}
Books
 u - a book of Maledictions

   Spells                             Type                      Level
   a - Corona                         Hexes                        1
   b - Ensorcelled Hibernation        Hexes/Ice                    2
   c - Confuse                        Hexes                        3
   d - Tukima's Dance                 Hexes                        3
   e - Dazzling Spray                 Conjuration/Hexes            3
Comestibles
 d - 7 rations


   Skills:
 - Level 6.2 Fighting
 + Level 6.3 Long Blades
 - Level 5.5 Dodging
 - Level 5.4 Shields


You had 7 spell levels left.
You didn't know any spells.

Dungeon Overview and Level Annotations

Branches:
Dungeon (6/15)             Temple (1/1) D:5

Altars:
Cheibriados
Dithmenos
Elyvilon
Fedhas
Gozag
Hepliaklqana
Kikubaaqudgha
Makhleb
Nemelex Xobeh
Okawaru
Qazlal
Sif Muna
Uskayaw
Vehumet
Wu Jian
Xom
Yredelemnul
Zin

Annotations:
D:5 Eustachio; brittlin's ghost, novice HOFi


Innate Abilities, Weirdness & Mutations

You cannot wear most types of armour.
You are very stealthy in the water. (Stealth+)
You are amphibious.
You can wear up to eight rings at the same time.
You can use your tentacles to constrict eight enemies at once.
Your skin changes colour to match your surroundings (Stealth+).
Your rubbery body absorbs attacks. (AC +1, EV +1)


Message History

The ice beast closely misses you.
You closely miss the ice beast. You squeeze the ice beast.
The ice beast is lightly wounded.
You block the ice beast's attack.
You closely miss the ice beast.
The ice beast is lightly wounded.
You block the ice beast's attack.
You slash the ice beast! You squeeze the ice beast.
The ice beast is severely wounded.
You block the ice beast's attack.
You closely miss the ice beast.
The ice beast is severely wounded.
The ice beast hits you. The ice beast freezes you!
* * * LOW HITPOINT WARNING * * *
You closely miss the ice beast. Your squeeze misses the ice beast.
The ice beast is severely wounded.
The ice beast hits you.
* * * LOW HITPOINT WARNING * * *
The ice beast freezes you!
You die...

.................................
.................................
...<.............................
................................/
.................................
≈................................
≈................................
.................................
≈...............@................
≈................Y...............
.................................
.................................
.................................
.................................
.................................
................................#
................................#


You could see an ice beast.

Vanquished Creatures
  The ghost of SlightEye the Sneak, an amateur OpAs (D:4)
  3 sky beasts
  A black bear (D:6)
  A phantom (D:6)
  2 scorpions
  A water moccasin skeleton (D:4)
  A howler monkey (D:5)
  2 hounds (D:5)
  A quasit (D:5)
  A bullfrog skeleton (D:6)
  An orc priest (D:4)
  5 orc wizards
  3 worker ants
  A hound skeleton (D:4)
  A howler monkey zombie (D:5)
  3 gnolls (D:5)
  5 adders
  A shadow imp (D:5)
  4 worms
  2 dart slugs (D:2)
  6 leopard geckos
  19 orcs
  7 bats
  11 giant cockroaches
  7 goblins
  7 hobgoblins (D:2)
  5 jackals (D:1)
  A quokka (D:2)
  7 ball pythons
  5 frilled lizards
  5 kobolds
  6 rats
126 creatures vanquished.

Notes
Turn   | Place    | Note
-------+----------+-------------------------------------------
     0 | D:1      | Naridas the Octopode Fighter began the quest for the Orb.
     0 | D:1      | Reached XP level 1. HP: 16/16 MP: 1/1
   130 | D:1      | Reached XP level 2. HP: 21/21 MP: 2/2
   947 | D:2      | Reached XP level 3. HP: 26/26 MP: 3/3
  1223 | D:2      | Reached XP level 4. HP: 31/31 MP: 4/4
  1670 | D:3      | Found a hazy altar of Hepliaklqana.
  2057 | D:3      | Found a deep blue altar of Sif Muna.
  2142 | D:3      | Reached skill level 5 in Long Blades
  2182 | D:3      | Reached XP level 5. HP: 36/36 MP: 5/5
  2641 | D:4      | Noticed SlightEye's ghost (amateur OpAs)
  3250 | D:4      | Found a basalt altar of Yredelemnul.
  3252 | D:4      | Found a shimmering altar of Xom.
  3252 | D:4      | Found a blossoming altar of Fedhas.
  3254 | D:4      | Found a basalt altar of Yredelemnul.
  3254 | D:4      | Found a burning altar of Makhleb.
  3254 | D:4      | Found an iron altar of Okawaru.
  3351 | D:4      | Found an ornate altar of the Wu Jian Council.
  3486 | D:4      | Reached XP level 6. HP: 43/44 MP: 6/6
  3498 | D:4      | Killed SlightEye's ghost
  3498 | D:4      | Reached skill level 5 in Fighting
  3620 | D:5      | Entered Level 5 of the Dungeon
  3629 | D:5      | Found a burning altar of Makhleb.
  3647 | D:5      | Reached XP level 7. HP: 36/52 MP: 7/7
  3879 | D:5      | Found a glowing silver altar of Zin.
  3881 | D:5      | Noticed an angel
  3882 | D:5      | Noticed a cacodemon
  4156 | D:5      | Noticed brittlin's ghost (novice HOFi)
  4707 | D:5      | Reached skill level 5 in Shields
  4818 | D:5      | Found a staircase to the Ecumenical Temple.
  4827 | Temple   | Entered the Ecumenical Temple
  4840 | Temple   | Became a worshipper of Dithmenos the Shadowed
  5138 | D:5      | Noticed Eustachio
  5800 | D:6      | Found an ancient bone altar of Kikubaaqudgha.
  5808 | D:6      | Reached XP level 8. HP: 42/57 MP: 8/8
  6515 | D:6      | Reached skill level 5 in Dodging
  7585 | D:6      | Mangled by an ice beast

Skill      XL: |  1  2  3  4  5  6  7  8 |
---------------+-------------------------+-----
Long Blades    | 3 4 5 6 |  6.3
Fighting       | 4 6 |  6.2
Shields        | 5 |  5.4
Dodging        | 5 |  5.5

Action                   |  1- 3 |  4- 6 |  7- 9 || total
-------------------------+-------+-------+-------++-------
Melee: Long sword        |    68 |   110 |   176 ||   354
       Constrict         |    25 |    25 |    35 ||    85
       Tentacles         |     9 |    23 |    48 ||    80
  Use: Scroll            |       |     3 |     3 ||     6
       Potion            |       |       |     1 ||     1
 Stab: Sleeping          |     9 |     2 |     4 ||    15
       Distracted        |       |     1 |       ||     1
  Eat: Chunk             |     1 |     5 |     9 ||    15
       Ration            |       |     1 |     1 ||     2
Armor: Skin              |     6 |     7 |    11 ||    24
Dodge: Dodged            |    19 |    34 |   108 ||   161
Block: Shield            |    30 |    47 |    86 ||   163
       Rpst.: Long sword |     6 |     4 |    39 ||    49
